[ PARTIDA AOE2 · #485002042 ]
UnrankedVietnamitas vs Teutons
[ ANÁLISIS DE REPETICIÓN · EXTRAÍDO DE LA PARTIDA GRABADA ]
Feudal
11:09
Castillos
15:05
Imperial
35:27
| APM promedio | 20.7 |
| APM pico | 53 |
| eAPM promedio | 12.3 |
| Aldeanos / militares | 68 / 36 |
Foco
⚔️ 24.1% · 🌾 75.9%
Fire Lancer ×16 · Rattan Archer ×15 · Battering Ram ×4 · Monk ×1
Feudal
10:59
Castillos
14:41
Imperial
—
| APM promedio | 21.6 |
| APM pico | 55 |
| eAPM promedio | 13.1 |
| Aldeanos / militares | 122 / 8 |
Foco
⚔️ 15.5% · 🌾 84.5%
Spearman ×5 · Mangonel ×2 · Monk ×1
Feudal
11:27
Castillos
14:59
Imperial
—
| APM promedio | 53.0 |
| APM pico | 100 |
| eAPM promedio | 21.7 |
| Aldeanos / militares | 81 / 103 |
Foco
⚔️ 33.3% · 🌾 66.7%
Archer ×96 · Mangonel ×5 · Skirmisher ×1 · Battering Ram ×1 · Unknown (1105) ×1
Feudal
10:24
Castillos
15:41
Imperial
33:45
| APM promedio | 19.5 |
| APM pico | 44 |
| eAPM promedio | 10.6 |
| Aldeanos / militares | 66 / 11 |
Foco
⚔️ 18.6% · 🌾 81.4%
Elephant Archer ×7 · Mangonel ×2 · Monk ×1 · Ratha (Ranged) ×1
Feudal
11:22
Castillos
15:07
Imperial
31:20
| APM promedio | 23.2 |
| APM pico | 73 |
| eAPM promedio | 13.2 |
| Aldeanos / militares | 122 / 3 |
Foco
⚔️ 14.3% · 🌾 85.7%
Unknown (1920) ×93 · Monk ×3
Feudal
9:52
Castillos
13:49
Imperial
31:12
| APM promedio | 34.2 |
| APM pico | 78 |
| eAPM promedio | 25.2 |
| Aldeanos / militares | 198 / 75 |
Foco
⚔️ 32.2% · 🌾 67.8%
Knight ×75
Mapa de la partida
Recursos iniciales + cada clic de construcción. Líneas = muros · curvas = relieve. ◆ oro · ⬟ piedra · ● bayas · ✦ reliquia · ◌ hueco del cierre
Tu base· ✓ Cerrada en 15:05 · 0t muro · 2 puerta(s)
Base de 心胸宽广的安倍· ✓ Cerrada en 14:41 · 0t muro · 2 puerta(s)
Base de SJW | Jasent· ✓ Cerrada en 14:59 · 0t muro · 3 puerta(s)
Base de CARCA_ELMATA7· ✓ Cerrada en 15:41 · 0t muro · 3 puerta(s)
Base de LeL.FancyPants· ✓ Cerrada en 15:07 · 0t muro · 2 puerta(s)
Base de SJW | Henrì· ✓ Cerrada en 13:49 · 0t muro · 2 puerta(s)
Terreno inicial suavizado · ◌ = hueco del cierre detectado · pasá el cursor para detalles
Inputs por minuto
— SJW | Isaac - - 心胸宽广的安倍
Build order — SJW | Isaac
Primeras 150 de 178 acciones detectadas
| 0:01 | Crear | Villager (Male) ×4 |
| 0:04 | Construir | House |
| 0:06 | Construir | House |
| 1:18 | Crear | Villager (Male) |
| 1:18 | Crear | Villager (Male) |
| 2:05 | Crear | Villager (Male) |
| 2:05 | Crear | Villager (Male) |
| 2:40 | Crear | Villager (Male) |
| 2:40 | Crear | Villager (Male) |
| 2:54 | Crear | Villager (Male) |
| 2:55 | Crear | Villager (Male) |
| 2:55 | Crear | Villager (Male) |
| 3:16 | Crear | Villager (Male) |
| 3:16 | Crear | Villager (Male) |
| 3:21 | Construir | Lumber Camp |
| 4:14 | Crear | Villager (Male) |
| 4:14 | Crear | Villager (Male) |
| 4:14 | Crear | Villager (Male) |
| 4:20 | Construir | House |
| 4:27 | Crear | Villager (Male) |
| 4:28 | Crear | Villager (Male) |
| 4:28 | Crear | Villager (Male) |
| 5:27 | Crear | Villager (Male) |
| 5:28 | Crear | Villager (Male) |
| 5:45 | Construir | House |
| 6:18 | Crear | Villager (Male) |
| 6:18 | Crear | Villager (Male) |
| 6:19 | Crear | Villager (Male) |
| 6:19 | Crear | Villager (Male) |
| 6:20 | Crear | Villager (Male) |
| 6:34 | Construir | Mill |
| 6:40 | Crear | Villager (Male) |
| 6:49 | Crear | Villager (Male) |
| 6:50 | Crear | Villager (Male) |
| 8:10 | Construir | Mining Camp |
| 8:25 | Investigar | Feudal Age |
| 10:16 | Construir | Farm |
| 10:28 | Construir | Farm |
| 10:32 | Construir | Farm |
| 10:34 | Construir | Farm |
| 10:45 | Crear | Villager (Male) |
| 10:46 | Investigar | Loom |
| 11:09 | Edad | Edad Feudal |
| 11:11 | Construir | Market |
| 11:21 | Construir | House |
| 11:26 | Construir | Blacksmith |
| 11:40 | Crear | Villager (Male) |
| 11:40 | Crear | Villager (Male) |
| 12:25 | Investigar | Castle Age |
| 12:25 | Investigar | Castle Age |
| 12:39 | Construir | Barracks |
| 13:09 | Investigar | Double-Bit Axe |
| 13:50 | Construir | House |
| 14:02 | Investigar | Horse Collar |
| 14:08 | Construir | Farm |
| 14:08 | Construir | Farm |
| 14:08 | Construir | Farm |
| 14:25 | Construir | House |
| 15:05 | Edad | Edad de los Castillos |
| 15:08 | Crear | Villager (Male) |
| 15:08 | Crear | Villager (Male) |
| 15:11 | Construir | Siege Workshop |
| 15:13 | Crear | Fire Lancer |
| 15:14 | Crear | Fire Lancer |
| 15:14 | Crear | Fire Lancer |
| 15:14 | Crear | Fire Lancer |
| 16:20 | Crear | Villager (Male) |
| 16:20 | Crear | Villager (Male) |
| 16:24 | Crear | Battering Ram |
| 16:24 | Crear | Battering Ram |
| 16:35 | Crear | Fire Lancer |
| 16:38 | Crear | Battering Ram |
| 17:00 | Investigar | Bow Saw |
| 17:09 | Crear | Battering Ram |
| 17:30 | Crear | Fire Lancer |
| 17:44 | Investigar | Heavy Plow |
| 19:31 | Crear | Fire Lancer |
| 19:32 | Crear | Fire Lancer |
| 19:32 | Crear | Fire Lancer |
| 19:32 | Crear | Fire Lancer |
| 20:21 | Crear | Villager (Male) |
| 20:21 | Crear | Villager (Male) |
| 20:36 | Investigar | Scale Mail Armor |
| 20:39 | Construir | Lumber Camp |
| 20:41 | Crear | Villager (Male) |
| 20:41 | Crear | Villager (Male) |
| 21:03 | Crear | Fire Lancer |
| 21:03 | Crear | Fire Lancer |
| 21:04 | Crear | Fire Lancer |
| 21:41 | Crear | Fire Lancer |
| 21:42 | Crear | Fire Lancer |
| 21:42 | Crear | Fire Lancer |
| 21:50 | Construir | House |
| 21:51 | Construir | House |
| 21:52 | Construir | House |
| 21:53 | Construir | House |
| 22:01 | Construir | Mining Camp |
| 22:03 | Crear | Villager (Male) |
| 22:03 | Crear | Villager (Male) |
| 22:04 | Crear | Villager (Male) |
| 22:57 | Construir | Monastery |
| 22:59 | Crear | Villager (Male) |
| 23:06 | Construir | Town Center |
| 23:22 | Investigar | Chain Mail Armor |
| 25:20 | Crear | Villager (Male) |
| 25:20 | Crear | Villager (Male) |
| 25:21 | Crear | Villager (Male) |
| 25:24 | Construir | Town Center |
| 26:16 | Construir | Mining Camp |
| 26:19 | Crear | Monk |
| 26:51 | Crear | Villager (Male) |
| 26:51 | Crear | Villager (Male) |
| 26:53 | Crear | Villager (Male) |
| 26:53 | Crear | Villager (Male) |
| 26:55 | Construir | Farm |
| 26:55 | Construir | Farm |
| 26:55 | Construir | Farm |
| 26:56 | Construir | Farm |
| 26:56 | Construir | Farm |
| 26:56 | Construir | Farm |
| 27:27 | Construir | House |
| 27:28 | Construir | House |
| 27:29 | Construir | House |
| 27:30 | Construir | House |
| 27:31 | Construir | House |
| 27:33 | Construir | House |
| 27:38 | Construir | Farm |
| 27:40 | Construir | Farm |
| 27:51 | Investigar | Stone Mining |
| 27:56 | Construir | Farm |
| 28:31 | Crear | Villager (Male) |
| 28:33 | Crear | Villager (Male) |
| 28:34 | Crear | Villager (Male) |
| 28:45 | Construir | University |
| 29:48 | Crear | Villager (Male) |
| 29:48 | Crear | Villager (Male) |
| 29:49 | Crear | Villager (Male) |
| 29:50 | Crear | Villager (Male) |
| 29:51 | Crear | Villager (Male) |
| 29:51 | Crear | Villager (Male) |
| 29:54 | Construir | Farm |
| 30:20 | Construir | Castle |
| 30:25 | Investigar | Fletching |
| 30:31 | Construir | Archery Range |
| 30:34 | Construir | Farm |
| 30:55 | Construir | House |
| 30:56 | Construir | House |
| 30:57 | Construir | House |
| 30:57 | Construir | House |
| 30:58 | Construir | House |
Build order — 心胸宽广的安倍
Primeras 150 de 155 acciones detectadas
| 0:03 | Crear | Villager (Male) ×4 |
| 0:04 | Crear | Villager (Male) ×4 |
| 0:05 | Construir | House |
| 0:27 | Construir | House |
| 0:28 | Construir | House |
| 0:28 | Construir | House |
| 0:30 | Construir | House |
| 1:39 | Crear | Villager (Male) |
| 1:39 | Crear | Villager (Male) |
| 2:06 | Crear | Villager (Male) |
| 2:07 | Crear | Villager (Male) |
| 2:31 | Crear | Villager (Male) |
| 2:51 | Crear | Villager (Male) |
| 2:59 | Crear | Villager (Male) |
| 2:59 | Crear | Villager (Male) |
| 3:32 | Crear | Villager (Male) |
| 3:32 | Crear | Villager (Male) |
| 3:36 | Crear | Villager (Male) |
| 3:37 | Crear | Villager (Male) |
| 4:15 | Construir | Lumber Camp |
| 4:35 | Crear | Villager (Male) |
| 4:54 | Crear | Villager (Male) ×3 |
| 4:54 | Crear | Villager (Male) ×3 |
| 5:07 | Crear | Villager (Male) |
| 5:07 | Crear | Villager (Male) |
| 5:29 | Crear | Villager (Male) |
| 5:53 | Crear | Villager (Male) |
| 6:28 | Crear | Villager (Male) ×4 |
| 6:29 | Crear | Villager (Male) ×4 |
| 6:34 | Construir | Mill |
| 6:50 | Crear | Villager (Male) |
| 6:50 | Crear | Villager (Male) |
| 7:34 | Crear | Villager (Male) |
| 8:16 | Construir | Mining Camp |
| 8:32 | Investigar | Feudal Age |
| 9:21 | Crear | Villager (Male) |
| 10:59 | Edad | Edad Feudal |
| 11:07 | Construir | Blacksmith |
| 11:10 | Construir | Market |
| 12:01 | Investigar | Castle Age |
| 12:02 | Investigar | Castle Age |
| 12:07 | Construir | House |
| 12:13 | Construir | House |
| 13:12 | Crear | Villager (Male) |
| 13:33 | Construir | Farm |
| 13:35 | Investigar | Double-Bit Axe |
| 13:37 | Construir | Farm |
| 13:38 | Construir | Farm |
| 13:39 | Construir | Farm |
| 13:40 | Construir | Farm |
| 13:43 | Construir | Farm |
| 13:44 | Construir | Farm |
| 14:27 | Construir | Farm |
| 14:28 | Construir | Farm |
| 14:41 | Edad | Edad de los Castillos |
| 14:45 | Construir | Town Center |
| 15:08 | Crear | Villager (Male) |
| 15:22 | Crear | Villager (Male) |
| 15:30 | Investigar | Horse Collar |
| 15:41 | Construir | Farm |
| 15:42 | Construir | Farm |
| 15:42 | Construir | Farm |
| 15:42 | Construir | Farm |
| 15:44 | Crear | Villager (Male) |
| 15:44 | Crear | Villager (Male) |
| 16:11 | Crear | Villager (Male) |
| 16:11 | Crear | Villager (Male) |
| 16:15 | Construir | Farm |
| 16:17 | Construir | Farm |
| 16:18 | Crear | Villager (Male) |
| 16:18 | Crear | Villager (Male) |
| 16:34 | Construir | Barracks |
| 16:35 | Crear | Villager (Male) |
| 16:43 | Crear | Villager (Male) |
| 16:47 | Construir | Farm |
| 16:48 | Crear | Villager (Male) |
| 16:48 | Crear | Villager (Male) |
| 16:59 | Construir | Monastery |
| 17:05 | Construir | Monastery |
| 17:08 | Crear | Villager (Male) |
| 17:09 | Crear | Villager (Male) |
| 17:14 | Crear | Villager (Male) |
| 17:14 | Crear | Villager (Male) |
| 17:21 | Crear | Villager (Male) |
| 17:22 | Crear | Villager (Male) |
| 17:29 | Crear | Spearman |
| 17:29 | Crear | Spearman |
| 17:54 | Construir | Town Center |
| 17:57 | Crear | Villager (Male) ×3 |
| 18:07 | Crear | Spearman |
| 18:08 | Crear | Spearman |
| 18:11 | Construir | Farm |
| 18:12 | Construir | Farm |
| 18:15 | Construir | Farm |
| 18:20 | Construir | Farm |
| 18:21 | Crear | Villager (Male) |
| 18:21 | Crear | Villager (Male) |
| 18:28 | Crear | Villager (Male) |
| 18:36 | Crear | Villager (Male) |
| 18:38 | Crear | Monk |
| 18:47 | Construir | House |
| 18:48 | Construir | House |
| 19:04 | Construir | House |
| 19:05 | Construir | House |
| 19:14 | Crear | Spearman |
| 19:17 | Crear | Villager (Male) ×4 |
| 19:37 | Crear | Villager (Male) ×2 |
| 19:39 | Construir | Mining Camp |
| 19:57 | Crear | Villager (Male) ×3 |
| 20:15 | Crear | Villager (Male) |
| 20:39 | Crear | Villager (Male) ×4 |
| 20:48 | Construir | House |
| 20:54 | Crear | Villager (Male) |
| 20:54 | Crear | Villager (Male) |
| 21:00 | Construir | House |
| 21:01 | Construir | House |
| 21:01 | Construir | House |
| 21:01 | Construir | House |
| 21:02 | Construir | House |
| 21:02 | Construir | House |
| 21:19 | Investigar | Wheelbarrow |
| 21:20 | Investigar | Wheelbarrow |
| 21:23 | Construir | Farm |
| 21:24 | Construir | Farm |
| 21:24 | Construir | Farm |
| 21:25 | Construir | Farm |
| 21:25 | Construir | Farm |
| 21:26 | Construir | Farm |
| 21:48 | Crear | Villager (Male) ×3 |
| 21:51 | Crear | Villager (Male) |
| 21:51 | Crear | Villager (Male) |
| 22:21 | Construir | Siege Workshop |
| 22:41 | Crear | Villager (Male) ×5 |
| 22:44 | Crear | Mangonel |
| 22:57 | Construir | Mining Camp |
| 23:18 | Crear | Villager (Male) |
| 23:26 | Crear | Mangonel |
| 23:29 | Crear | Villager (Male) |
| 23:34 | Construir | House |
| 23:34 | Construir | House |
| 23:35 | Construir | House |
| 24:19 | Crear | Villager (Male) ×5 |
| 24:27 | Crear | Villager (Male) |
| 24:38 | Crear | Villager (Male) |
| 24:39 | Crear | Villager (Male) |
| 24:48 | Construir | Town Center |
| 24:50 | Crear | Villager (Male) |
| 25:21 | Crear | Villager (Male) ×3 |
| 25:22 | Crear | Villager (Male) ×3 |
| 25:35 | Construir | Castle |
Build order — SJW | Jasent
Primeras 150 de 258 acciones detectadas
| 0:01 | Crear | Villager (Male) ×4 |
| 0:02 | Construir | House |
| 0:03 | Construir | House |
| 1:20 | Crear | Villager (Male) |
| 1:20 | Crear | Villager (Male) |
| 1:44 | Crear | Villager (Male) |
| 1:50 | Construir | Lumber Camp |
| 2:14 | Crear | Villager (Male) |
| 2:15 | Crear | Villager (Male) |
| 2:47 | Crear | Villager (Male) |
| 2:47 | Crear | Villager (Male) |
| 2:47 | Crear | Villager (Male) |
| 3:28 | Crear | Villager (Male) |
| 3:28 | Crear | Villager (Male) |
| 3:56 | Construir | Mill |
| 4:32 | Crear | Villager (Male) |
| 4:33 | Crear | Villager (Male) |
| 4:33 | Crear | Villager (Male) |
| 4:41 | Investigar | Loom |
| 4:41 | Investigar | Loom |
| 4:42 | Construir | House |
| 5:06 | Crear | Villager (Male) |
| 5:07 | Crear | Villager (Male) |
| 5:30 | Crear | Villager (Male) |
| 6:05 | Crear | Villager (Male) |
| 6:28 | Construir | House |
| 6:40 | Crear | Villager (Male) |
| 7:08 | Construir | Farm |
| 7:10 | Crear | Villager (Male) |
| 7:14 | Construir | Farm |
| 7:17 | Crear | Villager (Male) |
| 7:27 | Crear | Villager (Male) |
| 7:41 | Construir | Farm |
| 8:11 | Construir | House |
| 8:23 | Crear | Villager (Male) |
| 8:30 | Construir | Mining Camp |
| 8:36 | Crear | Villager (Male) |
| 8:47 | Investigar | Feudal Age |
| 10:21 | Crear | Villager (Male) |
| 10:21 | Crear | Villager (Male) |
| 11:27 | Edad | Edad Feudal |
| 11:29 | Construir | Blacksmith |
| 11:34 | Construir | Market |
| 12:02 | Construir | Barracks |
| 12:06 | Construir | House |
| 12:12 | Construir | House |
| 12:20 | Investigar | Castle Age |
| 12:20 | Investigar | Castle Age |
| 12:33 | Construir | Farm |
| 12:36 | Construir | Farm |
| 12:45 | Investigar | Fletching |
| 13:18 | Construir | Archery Range |
| 14:00 | Investigar | Double-Bit Axe |
| 14:00 | Investigar | Double-Bit Axe |
| 14:23 | Construir | Archery Range |
| 14:24 | Crear | Archer |
| 14:49 | Crear | Villager (Male) |
| 14:53 | Crear | Archer |
| 14:59 | Edad | Edad de los Castillos |
| 15:03 | Investigar | Bodkin Arrow |
| 15:03 | Investigar | Bodkin Arrow |
| 15:15 | Construir | Farm |
| 15:19 | Construir | Farm |
| 15:27 | Crear | Villager (Male) |
| 15:48 | Crear | Skirmisher |
| 15:49 | Construir | Farm |
| 16:00 | Investigar | Crossbowman (upgrade) |
| 16:00 | Investigar | Crossbowman (upgrade) |
| 16:08 | Crear | Archer |
| 16:08 | Crear | Archer |
| 16:14 | Construir | Farm |
| 16:15 | Construir | Farm |
| 16:15 | Construir | Farm |
| 16:15 | Construir | Farm |
| 16:15 | Construir | Farm |
| 16:26 | Crear | Archer |
| 16:27 | Crear | Archer |
| 16:35 | Construir | Farm |
| 16:56 | Construir | Farm |
| 16:58 | Construir | Farm |
| 17:20 | Construir | Farm |
| 17:22 | Crear | Villager (Male) |
| 17:22 | Crear | Villager (Male) |
| 17:22 | Crear | Villager (Male) |
| 17:24 | Crear | Archer |
| 17:25 | Crear | Archer |
| 17:25 | Crear | Archer |
| 17:25 | Crear | Archer |
| 17:35 | Construir | House |
| 18:26 | Construir | Siege Workshop |
| 19:05 | Crear | Villager (Male) |
| 19:05 | Crear | Villager (Male) |
| 19:08 | Construir | Farm |
| 19:10 | Construir | House |
| 19:43 | Crear | Villager (Male) |
| 20:02 | Crear | Unit 1105 |
| 20:04 | Construir | House |
| 20:05 | Crear | Archer |
| 20:06 | Crear | Archer |
| 20:06 | Crear | Villager (Male) |
| 20:07 | Crear | Villager (Male) |
| 20:23 | Construir | Farm |
| 20:28 | Construir | House |
| 20:45 | Construir | House |
| 21:00 | Construir | Farm |
| 21:03 | Crear | Archer |
| 21:03 | Crear | Archer |
| 21:04 | Crear | Villager (Male) |
| 21:04 | Crear | Villager (Male) |
| 21:34 | Crear | Villager (Male) |
| 21:34 | Crear | Villager (Male) |
| 21:51 | Construir | University |
| 22:32 | Construir | Siege Workshop |
| 22:43 | Construir | Palisade Wall |
| 22:46 | Construir | Palisade Wall |
| 22:55 | Crear | Villager (Male) |
| 22:59 | Crear | Archer |
| 22:59 | Crear | Archer |
| 22:59 | Crear | Archer |
| 23:08 | Construir | House |
| 23:20 | Crear | Villager (Male) |
| 23:24 | Construir | Farm |
| 23:52 | Crear | Mangonel |
| 23:52 | Crear | Mangonel |
| 24:37 | Crear | Mangonel |
| 25:20 | Crear | Mangonel |
| 25:21 | Crear | Villager (Male) |
| 25:22 | Crear | Villager (Male) |
| 25:25 | Investigar | Horse Collar |
| 25:32 | Construir | House |
| 25:41 | Crear | Villager (Male) |
| 25:41 | Crear | Villager (Male) |
| 25:42 | Construir | Farm |
| 25:53 | Investigar | Bow Saw |
| 25:53 | Investigar | Bow Saw |
| 26:24 | Crear | Mangonel |
| 27:10 | Crear | Villager (Male) |
| 27:10 | Crear | Villager (Male) |
| 27:16 | Construir | Town Center |
| 27:20 | Crear | Villager (Male) |
| 27:21 | Crear | Villager (Male) |
| 27:23 | Crear | Archer |
| 27:23 | Crear | Archer |
| 27:23 | Crear | Archer |
| 27:23 | Crear | Archer |
| 27:24 | Crear | Archer |
| 27:40 | Crear | Battering Ram |
| 27:44 | Crear | Villager (Male) |
| 27:44 | Crear | Villager (Male) |
| 28:04 | Construir | Farm |
Build order — CARCA_ELMATA7
146 acciones detectadas en el replay
| 0:01 | Crear | Villager (Male) |
| 0:02 | Crear | Villager (Male) |
| 0:02 | Crear | Villager (Male) |
| 0:02 | Crear | Villager (Male) |
| 0:04 | Construir | House |
| 0:06 | Construir | House |
| 1:31 | Crear | Villager (Male) |
| 1:31 | Crear | Villager (Male) |
| 2:09 | Crear | Villager (Male) |
| 2:09 | Crear | Villager (Male) |
| 2:28 | Crear | Villager (Male) |
| 2:28 | Crear | Villager (Male) |
| 2:40 | Construir | House |
| 2:43 | Construir | House |
| 2:51 | Crear | Villager (Male) |
| 2:51 | Crear | Villager (Male) |
| 2:51 | Crear | Villager (Male) |
| 3:54 | Crear | Villager (Male) |
| 3:54 | Crear | Villager (Male) |
| 3:55 | Crear | Villager (Male) |
| 4:53 | Crear | Villager (Male) |
| 4:53 | Crear | Villager (Male) |
| 5:10 | Crear | Villager (Male) |
| 5:10 | Crear | Villager (Male) |
| 5:28 | Crear | Villager (Male) |
| 5:28 | Crear | Villager (Male) |
| 5:54 | Construir | Lumber Camp |
| 6:26 | Crear | Villager (Male) |
| 6:26 | Crear | Villager (Male) |
| 7:15 | Construir | Mill |
| 7:46 | Investigar | Loom |
| 7:49 | Crear | Villager (Male) |
| 8:03 | Investigar | Feudal Age |
| 8:44 | Crear | Villager (Male) |
| 8:45 | Crear | Villager (Male) |
| 8:53 | Construir | House |
| 8:56 | Construir | House |
| 9:21 | Construir | Mining Camp |
| 10:24 | Edad | Edad Feudal |
| 10:39 | Construir | Market |
| 10:48 | Crear | Villager (Male) |
| 11:00 | Construir | Farm |
| 11:03 | Construir | Farm |
| 11:12 | Crear | Villager (Male) |
| 11:40 | Construir | Blacksmith |
| 12:11 | Construir | Farm |
| 12:17 | Crear | Villager (Male) |
| 12:37 | Construir | Farm |
| 13:01 | Investigar | Castle Age |
| 13:34 | Construir | Mining Camp |
| 15:39 | Investigar | Loom |
| 15:41 | Edad | Edad de los Castillos |
| 15:44 | Investigar | Double-Bit Axe |
| 15:50 | Construir | Farm |
| 16:28 | Construir | Castle |
| 16:39 | Crear | Villager (Male) |
| 16:39 | Crear | Villager (Male) |
| 16:40 | Crear | Villager (Male) |
| 16:41 | Crear | Villager (Male) |
| 16:49 | Construir | Farm |
| 16:49 | Construir | Farm |
| 16:50 | Construir | Farm |
| 16:50 | Construir | Farm |
| 16:51 | Construir | Farm |
| 16:51 | Construir | Farm |
| 17:36 | Construir | Castle |
| 17:52 | Investigar | Bow Saw |
| 18:01 | Construir | Farm |
| 19:07 | Crear | Ratha (Ranged) |
| 19:51 | Construir | Monastery |
| 19:53 | Crear | Villager (Male) |
| 19:53 | Crear | Villager (Male) |
| 19:53 | Crear | Villager (Male) |
| 19:55 | Crear | Villager (Male) |
| 19:55 | Crear | Villager (Male) |
| 20:35 | Construir | House |
| 20:44 | Crear | Villager (Male) |
| 20:45 | Crear | Villager (Male) |
| 21:02 | Construir | Barracks |
| 21:12 | Crear | Monk |
| 21:23 | Investigar | Fletching |
| 21:29 | Crear | Villager (Male) |
| 21:29 | Crear | Villager (Male) |
| 21:33 | Investigar | Horse Collar |
| 21:42 | Construir | Farm |
| 21:42 | Construir | Farm |
| 21:42 | Construir | Farm |
| 21:42 | Construir | Farm |
| 21:43 | Construir | Farm |
| 21:43 | Construir | Farm |
| 21:43 | Construir | Farm |
| 21:44 | Construir | Farm |
| 21:56 | Crear | Villager (Male) |
| 22:51 | Construir | Siege Workshop |
| 23:10 | Construir | House |
| 23:34 | Crear | Mangonel |
| 24:02 | Crear | Villager (Male) |
| 24:02 | Crear | Villager (Male) |
| 24:09 | Crear | Mangonel |
| 25:36 | Investigar | Wheelbarrow |
| 25:53 | Construir | Archery Range |
| 26:11 | Crear | Villager (Male) |
| 26:11 | Crear | Villager (Male) |
| 26:19 | Crear | Elephant Archer |
| 26:19 | Crear | Elephant Archer |
| 26:19 | Crear | Elephant Archer |
| 26:19 | Crear | Elephant Archer |
| 26:22 | Investigar | Bodkin Arrow |
| 26:29 | Crear | Villager (Male) |
| 26:29 | Crear | Villager (Male) |
| 27:03 | Construir | House |
| 27:04 | Construir | House |
| 27:09 | Construir | Lumber Camp |
| 27:56 | Crear | Elephant Archer |
| 28:39 | Crear | Villager (Male) |
| 28:39 | Crear | Villager (Male) |
| 29:29 | Crear | Villager (Male) |
| 29:30 | Crear | Villager (Male) |
| 29:39 | Construir | House |
| 30:35 | Investigar | Imperial Age |
| 30:45 | Construir | University |
| 31:13 | Crear | Elephant Archer |
| 31:14 | Crear | Elephant Archer |
| 31:53 | Construir | Monastery |
| 32:15 | Construir | Town Center |
| 32:26 | Construir | Town Center |
| 32:36 | Crear | Villager (Male) |
| 32:37 | Crear | Villager (Male) |
| 33:43 | Crear | Villager (Male) |
| 33:43 | Crear | Villager (Male) |
| 33:45 | Edad | Edad Imperial |
| 33:58 | Construir | Monastery |
| 34:14 | Crear | Villager (Male) |
| 34:14 | Crear | Villager (Male) |
| 35:01 | Construir | Castle |
| 35:06 | Investigar | Bracer |
| 35:13 | Crear | Villager (Male) |
| 35:13 | Crear | Villager (Male) |
| 35:16 | Crear | Villager (Male) |
| 35:16 | Crear | Villager (Male) |
| 35:28 | Construir | Town Center |
| 35:33 | Construir | House |
| 35:34 | Construir | House |
| 35:42 | Investigar | Town Watch |
| 35:55 | Crear | Villager (Male) |
| 35:55 | Crear | Villager (Male) |
Build order — LeL.FancyPants
Primeras 150 de 266 acciones detectadas
| 0:01 | Crear | Villager (Male) |
| 0:01 | Crear | Villager (Male) |
| 0:01 | Crear | Villager (Male) |
| 0:03 | Construir | House |
| 0:04 | Construir | House |
| 0:10 | Crear | Villager (Male) |
| 0:10 | Crear | Villager (Male) |
| 1:30 | Crear | Villager (Male) |
| 1:30 | Crear | Villager (Male) |
| 1:56 | Construir | Lumber Camp |
| 2:02 | Crear | Villager (Male) |
| 2:02 | Crear | Villager (Male) |
| 2:23 | Crear | Villager (Male) |
| 2:46 | Crear | Villager (Male) |
| 2:46 | Crear | Villager (Male) |
| 3:19 | Crear | Villager (Male) |
| 3:20 | Crear | Villager (Male) |
| 3:26 | Construir | House |
| 3:46 | Crear | Villager (Male) |
| 3:46 | Crear | Villager (Male) |
| 4:09 | Construir | Mill |
| 4:12 | Crear | Villager (Male) |
| 4:12 | Crear | Villager (Male) |
| 4:24 | Crear | Villager (Male) |
| 4:25 | Crear | Villager (Male) |
| 5:00 | Crear | Villager (Male) |
| 5:00 | Crear | Villager (Male) |
| 5:07 | Construir | House |
| 5:19 | Crear | Villager (Male) |
| 5:35 | Crear | Villager (Male) |
| 6:00 | Crear | Villager (Male) |
| 6:04 | Crear | Villager (Male) |
| 6:23 | Crear | Villager (Male) |
| 7:21 | Crear | Villager (Male) |
| 7:21 | Crear | Villager (Male) |
| 7:42 | Crear | Villager (Male) |
| 7:44 | Investigar | Loom |
| 7:50 | Construir | House |
| 8:00 | Construir | Mining Camp |
| 8:14 | Construir | Mining Camp |
| 8:35 | Investigar | Feudal Age |
| 10:31 | Crear | Villager (Male) |
| 10:31 | Crear | Villager (Male) |
| 11:22 | Edad | Edad Feudal |
| 11:23 | Construir | Market |
| 11:27 | Construir | Blacksmith |
| 12:27 | Investigar | Castle Age |
| 12:28 | Investigar | Castle Age |
| 12:51 | Construir | Pasture |
| 12:56 | Construir | Pasture |
| 13:02 | Construir | Pasture |
| 13:08 | Construir | Pasture |
| 13:11 | Construir | Pasture |
| 13:39 | Construir | House |
| 13:40 | Construir | House |
| 13:41 | Construir | House |
| 14:41 | Crear | Villager (Male) |
| 14:41 | Crear | Villager (Male) |
| 15:07 | Edad | Edad de los Castillos |
| 15:08 | Construir | Town Center |
| 15:20 | Construir | Town Center |
| 15:23 | Crear | Villager (Male) |
| 15:36 | Crear | Villager (Male) |
| 15:47 | Investigar | Double-Bit Axe |
| 16:01 | Crear | Villager (Male) |
| 16:02 | Crear | Villager (Male) |
| 16:30 | Construir | Pasture |
| 16:38 | Crear | Villager (Male) |
| 16:38 | Crear | Villager (Male) |
| 16:45 | Construir | Pasture |
| 16:51 | Crear | Villager (Male) |
| 16:52 | Crear | Villager (Male) |
| 16:59 | Construir | Pasture |
| 17:11 | Crear | Villager (Male) |
| 17:12 | Crear | Villager (Male) |
| 17:19 | Construir | Pasture |
| 17:31 | Crear | Villager (Male) |
| 17:37 | Construir | Pasture |
| 17:41 | Crear | Villager (Male) |
| 17:47 | Crear | Villager (Male) |
| 17:54 | Construir | Pasture |
| 17:59 | Crear | Villager (Male) |
| 18:02 | Crear | Villager (Male) |
| 18:08 | Construir | Pasture |
| 18:12 | Crear | Villager (Male) |
| 18:22 | Construir | Pasture |
| 18:25 | Crear | Villager (Male) |
| 18:26 | Crear | Villager (Male) |
| 18:33 | Construir | House |
| 18:34 | Construir | House |
| 18:36 | Construir | House |
| 18:40 | Crear | Villager (Male) |
| 18:40 | Crear | Villager (Male) |
| 18:58 | Construir | Pasture |
| 19:06 | Crear | Villager (Male) |
| 19:07 | Crear | Villager (Male) |
| 19:07 | Crear | Villager (Male) |
| 19:20 | Construir | Pasture |
| 19:29 | Construir | Pasture |
| 19:33 | Construir | House |
| 19:34 | Construir | House |
| 19:36 | Construir | House |
| 19:38 | Crear | Villager (Male) |
| 19:39 | Crear | Villager (Male) |
| 19:39 | Crear | Villager (Male) |
| 19:52 | Crear | Villager (Male) |
| 19:52 | Crear | Villager (Male) |
| 19:53 | Crear | Villager (Male) |
| 20:03 | Construir | Monastery |
| 20:18 | Investigar | Tech 1014 |
| 20:41 | Construir | House |
| 20:42 | Construir | House |
| 20:44 | Crear | Monk |
| 20:50 | Crear | Villager (Male) |
| 20:51 | Crear | Villager (Male) |
| 20:51 | Crear | Villager (Male) |
| 20:52 | Crear | Villager (Male) |
| 20:52 | Crear | Villager (Male) |
| 20:53 | Crear | Villager (Male) |
| 20:53 | Crear | Villager (Male) |
| 20:53 | Crear | Villager (Male) |
| 20:54 | Crear | Villager (Male) |
| 20:58 | Investigar | Tech 1013 |
| 21:01 | Investigar | Bow Saw |
| 21:15 | Construir | Mining Camp |
| 21:27 | Construir | House |
| 21:30 | Construir | House |
| 21:36 | Investigar | Wheelbarrow |
| 21:37 | Investigar | Town Watch |
| 21:38 | Crear | Villager (Male) |
| 22:05 | Construir | Pasture |
| 22:09 | Crear | Villager (Male) |
| 22:09 | Crear | Villager (Male) |
| 22:10 | Crear | Villager (Male) |
| 22:10 | Crear | Villager (Male) |
| 22:36 | Construir | House |
| 22:37 | Construir | House |
| 22:38 | Construir | House |
| 22:39 | Construir | House |
| 22:40 | Construir | House |
| 22:46 | Construir | Pasture |
| 22:51 | Crear | Villager (Male) |
| 22:52 | Crear | Villager (Male) |
| 22:53 | Crear | Villager (Male) |
| 22:56 | Crear | Villager (Male) |
| 23:15 | Crear | Villager (Male) |
| 23:16 | Crear | Villager (Male) |
| 23:17 | Crear | Villager (Male) |
| 23:25 | Construir | Pasture |
| 23:29 | Construir | Pasture |
Build order — SJW | Henrì
Primeras 150 de 479 acciones detectadas
| 0:01 | Crear | Villager (Male) |
| 0:01 | Crear | Villager (Male) |
| 0:01 | Crear | Villager (Male) |
| 0:01 | Crear | Villager (Male) |
| 0:02 | Crear | Villager (Male) |
| 0:02 | Crear | Villager (Male) |
| 0:02 | Crear | Villager (Male) |
| 0:04 | Construir | House |
| 0:05 | Construir | House |
| 1:24 | Crear | Villager (Male) |
| 1:24 | Crear | Villager (Male) |
| 2:03 | Crear | Villager (Male) |
| 2:03 | Crear | Villager (Male) |
| 2:04 | Crear | Villager (Male) |
| 2:07 | Construir | Lumber Camp |
| 2:18 | Crear | Villager (Male) |
| 2:18 | Crear | Villager (Male) |
| 2:19 | Crear | Villager (Male) |
| 2:40 | Crear | Villager (Male) |
| 2:40 | Crear | Villager (Male) |
| 2:41 | Crear | Villager (Male) |
| 3:20 | Crear | Villager (Male) |
| 3:20 | Crear | Villager (Male) |
| 3:30 | Construir | House |
| 3:48 | Crear | Villager (Male) |
| 3:48 | Crear | Villager (Male) |
| 3:48 | Crear | Villager (Male) |
| 3:48 | Crear | Villager (Male) |
| 4:19 | Crear | Villager (Male) |
| 4:19 | Crear | Villager (Male) |
| 4:19 | Crear | Villager (Male) |
| 4:29 | Construir | Mill |
| 4:37 | Crear | Villager (Male) |
| 4:37 | Crear | Villager (Male) |
| 4:38 | Crear | Villager (Male) |
| 5:03 | Crear | Villager (Male) |
| 5:03 | Crear | Villager (Male) |
| 5:04 | Crear | Villager (Male) |
| 5:44 | Crear | Villager (Male) |
| 5:47 | Construir | House |
| 6:13 | Crear | Villager (Male) |
| 6:26 | Crear | Villager (Male) |
| 6:52 | Crear | Villager (Male) |
| 7:22 | Construir | Mining Camp |
| 7:42 | Investigar | Feudal Age |
| 8:28 | Crear | Villager (Male) |
| 8:28 | Crear | Villager (Male) |
| 9:52 | Edad | Edad Feudal |
| 9:54 | Construir | Market |
| 9:57 | Construir | Blacksmith |
| 11:09 | Investigar | Castle Age |
| 11:59 | Investigar | Double-Bit Axe |
| 12:08 | Investigar | Horse Collar |
| 12:21 | Construir | Farm |
| 12:23 | Construir | Farm |
| 12:35 | Construir | Farm |
| 12:45 | Construir | Farm |
| 12:51 | Construir | Farm |
| 13:14 | Construir | Farm |
| 13:17 | Crear | Villager (Male) |
| 13:21 | Construir | House |
| 13:49 | Edad | Edad de los Castillos |
| 13:53 | Crear | Villager (Male) |
| 14:24 | Construir | Town Center |
| 14:27 | Crear | Villager (Male) |
| 15:04 | Crear | Villager (Male) |
| 15:28 | Crear | Villager (Male) |
| 15:29 | Crear | Villager (Male) |
| 15:48 | Construir | Town Center |
| 15:56 | Crear | Villager (Male) |
| 15:57 | Crear | Villager (Male) |
| 16:06 | Crear | Villager (Male) |
| 16:07 | Crear | Villager (Male) |
| 16:07 | Crear | Villager (Male) |
| 16:21 | Construir | Farm |
| 16:25 | Construir | House |
| 16:27 | Construir | House |
| 16:32 | Construir | Farm |
| 16:34 | Construir | Farm |
| 16:35 | Crear | Villager (Male) |
| 16:35 | Crear | Villager (Male) |
| 16:42 | Construir | Farm |
| 16:57 | Crear | Villager (Male) |
| 16:57 | Crear | Villager (Male) |
| 17:04 | Construir | Farm |
| 17:06 | Construir | Farm |
| 17:08 | Construir | Farm |
| 17:22 | Construir | House |
| 17:23 | Construir | House |
| 17:29 | Crear | Villager (Male) |
| 17:29 | Crear | Villager (Male) |
| 17:30 | Crear | Villager (Male) |
| 17:30 | Crear | Villager (Male) |
| 17:41 | Construir | Farm |
| 17:57 | Crear | Villager (Male) |
| 17:57 | Crear | Villager (Male) |
| 17:58 | Crear | Villager (Male) |
| 17:58 | Crear | Villager (Male) |
| 18:02 | Construir | Farm |
| 18:24 | Crear | Villager (Male) |
| 18:24 | Crear | Villager (Male) |
| 18:24 | Crear | Villager (Male) |
| 18:25 | Crear | Villager (Male) |
| 18:28 | Construir | House |
| 18:30 | Construir | House |
| 18:38 | Construir | Farm |
| 18:40 | Crear | Villager (Male) |
| 18:40 | Crear | Villager (Male) |
| 18:41 | Crear | Villager (Male) |
| 19:12 | Construir | Farm |
| 19:14 | Construir | Farm |
| 19:15 | Crear | Villager (Male) |
| 19:15 | Crear | Villager (Male) |
| 19:15 | Crear | Villager (Male) |
| 19:16 | Crear | Villager (Male) |
| 19:16 | Crear | Villager (Male) |
| 19:16 | Crear | Villager (Male) |
| 19:34 | Construir | Farm |
| 19:35 | Crear | Villager (Male) |
| 19:35 | Crear | Villager (Male) |
| 19:36 | Crear | Villager (Male) |
| 19:45 | Construir | Farm |
| 19:48 | Construir | Farm |
| 19:54 | Construir | Town Center |
| 20:08 | Crear | Villager (Male) |
| 20:08 | Crear | Villager (Male) |
| 20:08 | Crear | Villager (Male) |
| 20:08 | Crear | Villager (Male) |
| 20:13 | Construir | Farm |
| 20:16 | Construir | Farm |
| 20:25 | Construir | House |
| 20:27 | Construir | House |
| 20:28 | Construir | House |
| 20:29 | Crear | Villager (Male) |
| 20:30 | Crear | Villager (Male) |
| 20:30 | Crear | Villager (Male) |
| 20:34 | Crear | Villager (Male) |
| 20:38 | Construir | Farm |
| 20:46 | Crear | Villager (Male) |
| 20:46 | Crear | Villager (Male) |
| 21:05 | Crear | Villager (Male) |
| 21:05 | Crear | Villager (Male) |
| 21:06 | Crear | Villager (Male) |
| 21:06 | Crear | Villager (Male) |
| 21:06 | Crear | Villager (Male) |
| 21:22 | Crear | Villager (Male) |
| 21:22 | Crear | Villager (Male) |
| 21:26 | Construir | House |
| 21:27 | Construir | House |
| 21:30 | Crear | Villager (Male) |
Cronología de la partida
| 9:52 | SJW | Henrì · age_up feudal |
| 10:24 | CARCA_ELMATA7 · age_up feudal |
| 10:48 | SJW | Henrì · first_market_sell 100 stone |
| 10:55 | SJW | Henrì · first_market_buy 100 food |
| 10:59 | 心胸宽广的安倍 · age_up feudal |
| 11:09 | SJW | Isaac · age_up feudal |
| 11:22 | LeL.FancyPants · age_up feudal |
| 11:27 | SJW | Jasent · age_up feudal |
| 12:02 | SJW | Jasent · first_building Barracks |
| 12:17 | SJW | Isaac · first_market_buy 100 food |
| 12:39 | SJW | Isaac · first_building Barracks |
| 13:18 | SJW | Jasent · first_building Archery Range |
| 13:49 | SJW | Henrì · age_up castle |
| 14:41 | 心胸宽广的安倍 · age_up castle |
| 14:59 | SJW | Jasent · age_up castle |
| 15:05 | SJW | Isaac · age_up castle |
| 15:07 | LeL.FancyPants · age_up castle |
| 15:11 | SJW | Isaac · first_building Siege Workshop |
| 15:41 | CARCA_ELMATA7 · age_up castle |
| 16:28 | CARCA_ELMATA7 · first_building Castle |
| 16:34 | 心胸宽广的安倍 · first_building Barracks |
| 16:59 | 心胸宽广的安倍 · first_building Monastery |
| 18:26 | SJW | Jasent · first_building Siege Workshop |
| 19:51 | CARCA_ELMATA7 · first_building Monastery |
| 20:03 | LeL.FancyPants · first_building Monastery |
| 21:02 | CARCA_ELMATA7 · first_building Barracks |
| 22:21 | 心胸宽广的安倍 · first_building Siege Workshop |
| 22:43 | SJW | Jasent · wall_segment Palisade Wall x1 |
| 22:46 | SJW | Jasent · wall_segment Palisade Wall x1 |
| 22:51 | CARCA_ELMATA7 · first_building Siege Workshop |
| 22:57 | SJW | Isaac · first_building Monastery |
| 23:23 | 心胸宽广的安倍 · first_market_sell 100 wood |
| 24:18 | LeL.FancyPants · first_building Barracks |
| 25:35 | 心胸宽广的安倍 · first_building Castle |
| 25:50 | SJW | Jasent · first_market_buy 100 wood |
| 25:53 | CARCA_ELMATA7 · first_building Archery Range |
| 25:56 | LeL.FancyPants · first_building Castle |
| 26:14 | SJW | Henrì · first_building Monastery |
| 27:05 | 心胸宽广的安倍 · resign |
| 27:27 | SJW | Henrì · first_building Barracks |
| 27:57 | LeL.FancyPants · first_market_sell 100 food |
| 28:31 | SJW | Henrì · first_building Stable |
| 30:11 | CARCA_ELMATA7 · first_market_sell 500 wood |
| 30:12 | CARCA_ELMATA7 · first_market_buy 100 food |
| 30:20 | SJW | Isaac · first_building Castle |
| 30:22 | SJW | Henrì · first_building Castle |
| 30:31 | SJW | Isaac · first_building Archery Range |
| 31:12 | SJW | Henrì · age_up imperial |
| 31:20 | LeL.FancyPants · age_up imperial |
| 33:45 | CARCA_ELMATA7 · age_up imperial |
| 35:10 | SJW | Henrì · first_building Siege Workshop |
| 35:27 | SJW | Isaac · age_up imperial |
[ ANÁLISIS IA · 1 CRÉDITO ]
¿Qué pasó realmente en esta partida?
Wolo.gg analiza cada decisión: build order, eco, micro, errores típicos por bracket. Análisis personalizado por WhatsApp o Discord en 30 segundos.
Guía civ
Vietnamitas
Perfil
Jugador #24092